 Dungeon Crawl Stone Soup version 0.29.1-1-gd02db6906a (webtiles) character file.

Game seed: 18358750712054304507

187 hikkokomori the Trooper (level 5, 0/43 HPs)
             Began as a Demonspawn Abyssal Knight on Oct 5, 2022.
             Was a Priest of Lugonu.
             Splashed by a jelly's acid (11 damage)
             ... on level 4 of the Dungeon.
             The game lasted 00:05:46 (4313 turns).

hikkokomori the Trooper (Demonspawn Abyssal Knight) Turns: 4313, Time: 00:05:47

Health: 0/43       AC:  2    Str: 15    XL:     5   Next: 39%
Magic:  7/7        EV:  6    Int: 12    God:    Lugonu [***...]
Gold:   221        SH:  0    Dex: 13    Spells: 4/4 levels left

rFire   . . .      SeeInvis .   k - +2 short sword (speed)
rCold   . . .      Faith    .   (no shield)
rNeg    . . .      Spirit   .   g - +0 chain mail
rPois   .          Reflect  .   m - +0 helmet
rElec   .          Harm     .   (no cloak)
rCorr   .          Rampage  .   (no gloves)
Will    .....                   q - +0 pair of boots
Stlth   ..........              (no amulet)
HPRegen 0.14/turn               (no ring)
MPRegen 0.10/turn               (no ring)

@: corroded
A: demonic guardian 1, demonic touch 1
a: Renounce Religion, Depart the Abyss, Bend Space, Banish


You were on level 4 of the Dungeon.
You worshipped Lugonu.
Lugonu was most pleased with you.
You visited 1 branch of the dungeon, and saw 4 of its levels.
You visited the Abyss 1 time.

You collected 221 gold pieces.

Inventory:

Hand Weapons
 a - a +1 hand axe
 k - a +2 short sword of speed (weapon)
Armour
 b - a +0 leather armour
 g - a +0 chain mail (worn)
 m - a +0 helmet (worn)
 q - a +0 pair of boots (worn)
Jewellery
 r - an amulet of guardian spirit
Wands
 n - a wand of flame (16)
Scrolls
 c - 2 scrolls of poison {unknown}
 d - 4 scrolls of identify {unknown}
 j - a scroll of magic mapping {unknown}
 l - a scroll of amnesia {unknown}
 p - a scroll of fear {unknown}
 s - a scroll of enchant weapon {unknown}
 t - a scroll of noise {unknown}
Potions
 e - a potion of ambrosia {unknown}
 f - a potion of degeneration {unknown}
 h - 3 potions of haste {unknown}
 i - 2 potions of berserk rage {unknown}
 o - a potion of curing {unknown}


   Skills:
 + Level 4.5 Fighting
 - Level 3.5 Axes
 + Level 1.9 Armour
 - Level 1.0 Dodging
 - Level 3.5 Invocations


You had 4 spell levels left.
You didn't know any spells.
Your spell library contained the following spells:

 Spells                   Type           Power      Damage    Failure   Level
 Ensorcelled Hibernation  Hex/Ice        0%         N/A       100%        2
 Passwall                 Tmut/Erth      0%         N/A       100%        2
 Swiftness                Air            0%         N/A       100%        3


Dungeon Overview and Level Annotations

Branches:
Dungeon (4/15)
 Temple: D:4-7

Altars:


Innate Abilities, Weirdness & Mutations

A weak demonic guardian rushes to your aid.
Your touch may inflict minor irresistible damage on your foes.


Message History

Lugonu accepts your kill.
No target in view!
Key pressed, stopping explore.
A hobgoblin comes into view.
The hobgoblin shouts!
A hobgoblin is nearby!
A jelly comes into view.
The jelly quivers.
The hobgoblin hits you. The jelly hits you. The acid corrodes you!
You are splashed with acid!
You hit the jelly but do no damage.
Your hands burn!
A demonic guardian appears!
The hobgoblin hits you but does no damage.
The jelly hits you but does no damage.
You hit the jelly.
Your hands burn!
The jelly is lightly wounded.
The hobgoblin hits you but does no damage.
The jelly hits you but does no damage.
You completely miss the jelly.
The jelly is lightly wounded.
Your shadow imp hits the hobgoblin.
You hit the hobgoblin.
The hobgoblin is almost dead.
The hobgoblin hits you but does no damage.
The jelly hits you.
You are splashed with acid!
Your shadow imp hits the hobgoblin.
The hobgoblin dies!
Lugonu accepts your kill.
You are too injured to fight recklessly!
Unknown command.
Unknown command.
Unknown command.
You hit the jelly.
Your hands burn!
* * * LOW HITPOINT WARNING * * *
Your touch misses the jelly.
The jelly is lightly wounded.
The jelly hits you.
* * * LOW HITPOINT WARNING * * *
The acid corrodes you!
You are splashed with acid!
You die...

## #. . #. .. ######## #. ...
#......# #. ....#......# #.
...........# #. ......J....#####
#. #.....@5..#...# #.
#....##.###...# #. ##.# #.# #...#
#. # #.###...########.
#................
#####################...#########
.................^######......#..
############.>.....# #......#.#
...........'.......# #......'.#


You could see a jelly (ally target) and a friendly shadow imp (summoned).

Vanquished Creatures
  A hound (D:4)
  Robin (D:4)
  5 adders
  A worm (D:4)
  3 dart slugs
  An orc (D:3)
  3 bats
  7 endoplasms
  3 giant cockroaches
  15 goblins
  9 hobgoblins
  8 jackals
  4 quokkas
  6 ball pythons
  3 frilled lizards (D:1)
  6 kobolds
  5 rats
81 creatures vanquished.

Vanquished Creatures (collateral kills)
  A hobgoblin (D:4)
  A bat (D:3)
2 creatures vanquished.

Grand Total: 83 creatures vanquished

Notes
Turn   | Place    | Note
-------+----------+-------------------------------------------
     0 | Abyss:1  | hikkokomori the Demonspawn Abyssal Knight began the quest
                  | for the Orb.
     0 | Abyss:1  | Reached XP level 1. HP: 18/18 MP: 2/2
    45 | Abyss:1  | Found a corrupted altar of Lugonu.
    88 | Abyss:1  | Noticed a neqoxec
    97 | Abyss:1  | Noticed a thrashing horror
   100 | Abyss:1  | Noticed a hellion
   102 | D:1      | Escaped the Abyss
   247 | D:1      | Reached skill level 1 in Dodging
   407 | D:1      | Reached ** piety under Lugonu
   408 | D:1      | Gained mutation: Your touch may inflict minor irresistible
                  | damage on your foes. [demonic ancestry]
   408 | D:1      | Reached XP level 2. HP: 11/24 MP: 4/4
  1145 | D:1      | Gained mutation: A weak demonic guardian rushes to your
                  | aid. [demonic ancestry]
  1145 | D:1      | Reached XP level 3. HP: 8/29 MP: 3/5
  2224 | D:2      | Found a faded altar of an unknown god.
  2461 | D:2      | Reached XP level 4. HP: 37/37 MP: 6/6
  3200 | D:3      | Reached skill level 4 in Fighting
  3224 | D:3      | Reached *** piety under Lugonu
  3435 | D:4      | Reached XP level 5. HP: 40/42 MP: 7/7
  3681 | D:4      | Noticed Robin
  3698 | D:4      | Killed Robin
  4313 | D:4      | Splashed by a jelly's acid

Illustrated notes

Levels and vault maps discovered:
D:1:      minmay_arrival_radiant_lines, layout_loops_corners,
          palyth_stone_intersect
D:2:      layout_basic, ebering_ecumenical_altar_abandoned, serial_forest,
          infiniplex_forest_clump_tiny, infiniplex_forest_end_double,
          infiniplex_forest_lined_corner, infiniplex_forest_zigzag_2,
          infiniplex_forest_straight_5, infiniplex_forest_diagonal,
          infiniplex_forest_clump_small
D:3:      layout_basic, st_stairs_10
D:4:      layout_basic, uniq_robin

Skill      XL: |  1  2  3  4 |
---------------+-------------+-----
Dodging        | 1 |  1.0
Axes           | 2 3 |  3.5
Invocations    | 3 |  3.5
Fighting       | 4 |  4.5
Armour         | |  1.9

Action                   |  1- 3 |  4- 6 || total
-------------------------+-------+-------++-------
Melee: Hand axe          |    98 |     5 ||   103
       Touch             |    12 |    19 ||    31
       Short sword       |       |   104 ||   104
       Punch             |       |     1 ||     1
Invok: Depart the Abyss  |     1 |       ||     1
       Bend Space        |     1 |       ||     1
Armor: Leather armour    |    25 |       ||    25
       Chain mail        |    19 |    44 ||    63
Dodge: Dodged            |    58 |    25 ||    83
